 Dungeon Crawl Stone Soup version 0.30-a0-424-g7412bad402 (webtiles) character file.

Game seed: 4818491439864233315

1740679 MackTheKnife the Wrestler (level 27, 715/726 HPs)
             Began as an Ogre Transmuter on Dec 8, 2022.
             Was a High Priest of Ashenzari.
             Escaped with the Orb
             ... and 3 runes on Dec 9, 2022!
             The game lasted 03:06:43 (62843 turns).

MackTheKnife the Wrestler (Ogre Transmuter)        Turns: 62843, Time: 03:06:44

Health: 715/726    AC: 16    Str: 41    XL:     27
Magic:  31/35      EV: 10    Int: 22    God:    Ashenzari [*****.]
Gold:   6881       SH:  0    Dex: 15    Spells: 2/60 levels left

rFire   + + +      SeeInvis +      - Unarmed
rCold   + . .      Faith    .    (shield currently unavailable)
rNeg    . . .      Spirit   .    (body armour currently unavailable)
rPois   +          Reflect  .    (helmet currently unavailable)
rElec   +          Harm     .    (cloak currently unavailable)
rCorr   +          Rampage  .    (gloves unavailable)
Will    ++...      Clarity  +    (boots unavailable)
Stlth   ..........               M - amulet of the Air {Inacc Air Fly rElec RMsl, Comp, Self} (curse)
HPRegen 1.41/turn                F - ring of Cremastomancy {Str+6, Self, Alch} (curse)
MPRegen 0.24/turn                u - ring "Circumscribed With Me" {rC+ Int+3 Dex+2, Alch, Self} (curse)

@: mighty, brilliant, berserking, dragon-form, resistant, flying, hasted,
studying Poison Magic, repel missiles, very quick
A: dragon claw, dragon scales, breathe fire, flying, boosted hp, giant,
unfitting armour, (tough skin 1), (antennae 1), (hooves 1), agile 1, (fire
resistance 1), low MP 2, subdued magic 1
0: Orb of Zot
}: 3/15 runes: decaying, silver, gossamer
a: Breathe Fire, End Transformation, Renounce Religion, Curse Item, Shatter the
Chains


You escaped.
You worshipped Ashenzari.
Ashenzari was extremely pleased with you.
You were a fearsome dragon!
You visited 10 branches of the dungeon, and saw 48 of its levels.
You also visited: Gauntlet, Ice Cave, Volcano and Desolation.

You collected 7483 gold pieces.
You spent 602 gold pieces at shops.


Innate Abilities, Weirdness & Mutations

You are a fearsome dragon!
You have a powerful clawing attack.
Your giant scaled body is strong and resiliant, but less evasive.
You can breathe fire.
You are flying.
Your maximum health is greatly increased.
Your armour is entirely melded.
You are incapable of wielding weapons or throwing items.
You are too large for most types of armour.
((You have tough skin. (AC +1)))
((You have a pair of small antennae on your head.))
((You have large cloven feet.))
You are agile. (Dex +4, Str/Int -1)
((Your flesh is heat resistant. (rF+)))
Your magical capacity is very low. (-20% MP)
Your spells are a little easier to cast, but a little less powerful.


   Skills:
 + Level 23.5(27) Fighting
 - Level 6.1 Dodging
 - Level 17.5 Shields
 - Level 25.3 Unarmed Combat
 - Level 13.0(17.4) Spellcasting
 - Level 5.4 Conjurations
 - Level 2.4 Hexes
 - Level 8.0(10.3) Necromancy
 - Level 22.2(25.2) Transmutations
 - Level 3.3 Ice Magic
 - Level 9.1 Earth Magic
 - Level 6.0(9.4) Poison Magic


You had 2 spell levels left.
You knew the following spells:

 Your Spells              Type           Power      Damage    Failure   Level
a - Spider Form           Tmut/Pois      84%        N/A       0%          3
b - Ice Form              Ice/Tmut       76%        N/A       1%          4
c - Death Channel         Necr           33%        N/A       4%          6
d - Statue Form           Tmut/Erth      55%        N/A       1%          6
e - Petrify               Tmut/Erth      83%        N/A       0%          4
f - Yara's Violent Unrav  Hex/Tmut       37%        3d15      1%          5
g - Irradiate             Conj/Tmut      39%        3d24      1%          5
h - Animate Dead          Necr           66%        N/A       1%          4
i - Eringya's Noxious Bo  Tmut/Pois      42%        N/A       1%          6
j - Borgnjor's Vile Clut  Necr/Erth      32%        N/A       1%          5
k - Dragon Form           Tmut           50%        N/A       1%          7
p - Beastly Appendage     Tmut           100%       N/A       0%          1
z - Wereblood             Tmut           100%       N/A       0%          2

Your spell library contained the following spells:

 Spells                   Type           Power      Damage    Failure   Level
 Sting                    Tmut/Pois      100%       1d8       0%          1
 Passwall                 Tmut/Erth      69%        N/A       0%          2
 Apportation              Tloc           44%        N/A       1%          1
 Foxfire                  Conj/Fire      100%       2x1d9     1%          1
 Freeze                   Ice            100%       1d10      1%          1
 Kiss of Death            Conj/Necr      100%       2d13      1%          1
 Necrotise                Necr           100%       1d9       1%          1
 Slow                     Hex            100%       N/A       1%          1
 Summon Small Mammal      Summ           92%        N/A       1%          1
 Cigotuvi's Dreadful Rot  Necr/Pois/Air  100%       N/A       1%          2
 Poisonous Vapours        Pois/Air       100%       N/A       1%          2
 Static Discharge         Conj/Air       100%       2-7/arc   1%          2
 Blade Hands              Tmut           50%        N/A       0%          5
 Dazzling Flash           Conj/Hex       84%        N/A       1%          3
 Frozen Ramparts          Ice            78%        1d12      1%          3
 Hailstorm                Conj/Ice       44%        3d10      1%          3
 Ignite Poison            Fire/Tmut/Pois 69%        N/A       1%          3
 Mephitic Cloud           Conj/Pois/Air  63%        N/A       1%          3
 Ozocubu's Armour         Ice            39%        N/A       1%          3
 Vampiric Draining        Necr           66%        2d10      1%          3
 Dispel Undead            Necr           66%        3d23      1%          4
 Leda's Liquefaction      Hex/Erth       25%        N/A       1%          4
 Olgreb's Toxic Radiance  Pois           63%        N/A       1%          4
 Alistair's Intoxication  Tmut/Pois      56%        N/A       1%          5
 Lee's Rapid Deconstruct  Erth           31%        3d16*     1%          5
 Confusing Touch          Hex            34%        N/A       2%          3
 Tukima's Dance           Hex            34%        N/A       2%          3
 Inner Flame              Hex/Fire       28%        N/A       3%          3
 Portal Projectile        Hex/Tloc       56%        N/A       3%          3
 Summon Guardian Golem    Hex/Summ       29%        N/A       3%          3
 Animate Armour           Summ/Erth      92%        N/A       3%          4
 Fulminant Prism          Conj/Hex       21%        3d12      4%          4
 Call Canine Familiar     Summ           23%        N/A       6%          3
 Gell's Gravitas          Tloc           22%        N/A       7%          3
 Kindle Blastsparks       Fire/Tloc/Air  66%        2d15      7%          3
 Lesser Beckoning         Tloc           44%        N/A       7%          3
 Teleport Other           Tloc           22%        N/A       7%          3
 Flame Wave               Conj/Fire      35%        2d10      7%          4
 Sticky Flame             Conj/Fire      35%        2d5       7%          4
 Cause Fear               Hex            17%        N/A       8%          4
 Necromutation            Tmut/Necr      42%        N/A       10%         8
 Iron Shot                Conj/Erth      28%        9d6       19%         6
 Freezing Cloud           Conj/Ice/Air   26%        6-21      21%         5
 Metabolic Englaciation   Hex/Ice        18%        N/A       21%         5
 Summon Lightning Spire   Summ/Air       34%        N/A       22%         4
 Lightning Bolt           Conj/Air       26%        1d42      22%         5
 Simulacrum               Ice/Necr       27%        N/A       22%         6
 Airstrike                Air            16%        2d(3-19)  24%         4
 Manifold Assault         Tloc           22%        N/A       24%         4
 Passage of Golubria      Tloc           22%        N/A       24%         4
 Silence                  Hex/Air        21%        N/A       38%         5
 Summon Forest            Summ/Tloc      11%        N/A       54%         5
 Conjure Ball Lightning   Conj/Air       26%        3x3d7     77%         6
 Borgnjor's Revivificati  Necr           33%        N/A       93%         8
 Haunt                    Necr/Summ      24%        N/A       94%         7
 Dispersal                Tloc           11%        N/A       99%         6
 Enfeeble                 Hex            17%        N/A       100%        7
 Summon Hydra             Summ           11%        N/A       100%        7
 Discord                  Hex            17%        N/A       100%        8
 Disjunction              Tloc           11%        N/A       100%        8
 Lehudib's Crystal Spear  Conj/Erth      28%        10d7      100%        8
 Death's Door             Necr           33%        N/A       100%        9
 Dragon's Call            Summ           11%        N/A       100%        9

Inventory:

Missiles
 d - 136 large rocks {=fthrowing}
Armour
 g - +0 storm dragon scales {rare}
   (You found it on level 4 of the Depths)
 n - quicksilver dragon scales {rare}
   (You found it on level 2 of the Realm of Zot)
 t - the cursed +2 robe of Panopticon (melded) {Will+, Fort, Bglg}
   (You took it off an orc wizard on level 1 of the Orcish Mines)

   It has a curse which improves the following skills: Fortitude: Armour and
   Shields.
   Beguiling: Conjurations, Hexes and Translocations.
 y - the cursed +0 cloak "Overhang to Understand" (melded) {Alch, Cun}
   (You bought it in a shop on level 8 of the Dungeon)

   It has a curse which improves the following skills: Alchemy: Poison Magic and
   Transmutations.
   Cunning:   Dodging and Stealth.
 B - +0 storm dragon scales {rare}
   (You found it on level 2 of the Realm of Zot)
 C - the cursed +2 tower shield "Lashed Fetters" (melded) {Fort, Self}
   (You took it off Louise on level 1 of the Swamp)

   It has a curse which improves the following skills: Fortitude: Armour and
   Shields.
   Introspection: Fighting and Spellcasting.
 T - the -1 hat of Maokhlan {Will+}
   (You acquired it in a Gauntlet)

   Will:      It increases your willpower.
 U - the cursed +2 hat of the Restrained Seer (melded) {rF+ Regen+, Elem, Melee}
   (You found it in a Gauntlet)

   rF:        It protects you from fire.
   Regen:     It increases your rate of health regeneration.
   It has a curse which improves the following skills: Elements: Fire Magic, Ice
   Magic, Air Magic and Earth Magic.
   Melee Combat: Short Blades, Long Blades, Axes, Maces & Flails, Polearms,
   Staves and Unarmed Combat.
Jewellery
 u - the cursed ring "Circumscribed With Me" (right foreclaw) {rC+ Int+3 Dex+2, Alch, Self}
   (You acquired it on level 15 of the Dungeon)

   [ring of protection from cold]

   Int:       It affects your intelligence (+3).
   Dex:       It affects your dexterity (+2).
   rC:        It protects you from cold.
   It has a curse which improves the following skills: Alchemy: Poison Magic and
   Transmutations.
   Introspection: Fighting and Spellcasting.
 E - the ring of Cotterph {*Corrode Fly Str+7 Int+6 SInv}
   (You acquired it on level 3 of the Realm of Zot)

   [ring of intelligence]

   Str:       It affects your strength (+7).
   Int:       It affects your intelligence (+6).
   SInv:      It lets you see invisible.
   Fly:       It grants you flight.
   *Corrode:  It may corrode you when you take damage.
 F - the cursed ring of Cremastomancy (left foreclaw) {Str+6, Self, Alch}
   (You found it on level 7 of the Dungeon)

   [ring of strength]

   Str:       It affects your strength (+6).
   It has a curse which improves the following skills: Introspection: Fighting
   and Spellcasting.
   Alchemy:   Poison Magic and Transmutations.
 M - the cursed amulet of the Air (around neck) {Inacc Air Fly rElec RMsl, Comp, Self}
   (You found it on level 5 of the Lair of Beasts)

   [amulet of nothing]

   It reduces the accuracy of all your attacks.
   It enhances your air magic.
   rElec:     It insulates you from electricity.
   Fly:       It grants you flight.
   RMsl:      It protects you from missiles.
   It has a curse which improves the following skills: Companions: Summonings
   and Necromancy.
   Introspection: Fighting and Spellcasting.
Wands
 J - a wand of digging (7)
   (You found it on level 3 of the Elven Halls)
 R - a wand of quicksilver (13)
   (You found it in a Gauntlet)
Scrolls
 c - 6 scrolls of teleportation {@r4}
 e - 6 scrolls of poison {!r}
 i - 3 scrolls of silence {!r}
 k - 4 scrolls of fear
 l - 5 scrolls of magic mapping {!r}
 r - 9 scrolls of immolation {!r!r}
 z - 7 scrolls of fog
 O - 6 scrolls of enchant armour
Potions
 b - 9 potions of lignification {!q}
 f - 2 potions of haste {@q3}
 h - 3 potions of might
 m - 7 potions of magic
 o - 22 potions of curing {@q1}
 p - 4 potions of cancellation
 v - 5 potions of invisibility
 w - 4 potions of heal wounds {@q2}
 x - 4 potions of attraction {!q}
 A - 10 potions of ambrosia
 K - 7 potions of berserk rage {!q}
 S - 3 potions of brilliance
Miscellaneous
 j - a lightning rod (4/4)
   (You found it on level 3 of the Elven Halls)
 D - a phial of floods
   (You found it on level 1 of the Spider Nest)
 L - a box of beasts
   (You found it on level 4 of the Lair of Beasts)
 N - a phantom mirror
   (You found it on level 11 of the Dungeon)
 V - a condenser vane (inert)
   (You found it in a Gauntlet)

Dungeon Overview and Level Annotations

Branches:
Dungeon (15/15)            Temple (1/1) D:6            Lair (5/5) D:11
  Swamp (4/4) Lair:3       Spider (4/4) Lair:2        Slime (0/5) Lair:5
    Orc (2/2) D:11            Elf (3/3) Orc:2        Vaults (5/5) D:13
  Crypt (0/3) Vaults:2     Depths (4/4) D:15            Zot (5/5) Depths:4
  IceCv (visited)         Volcano (visited)         Desolation (visited)
Gauntlet (visited)

Altars:
Ashenzari
Hepliaklqana
Kikubaaqudgha
Okawaru
Qazlal
Ru
Sif Muna
Trog
Uskayaw
Wu Jian
Xom
Yredelemnul

Shops:
D:8 *   D:9 *   Orc:2 *=*[(   Elf:2 ?

Portals:
Hell: Depths:1 Depths:2 Depths:3 Depths:4
Abyss: Depths:3 Depths:4
Pandemonium: Depths:2 Depths:3
Ziggurat: Depths:2

Annotations:
D:1 1 transporter
D:4 Dowan, Duvessa
D:7 1 runed translucent door, Sermion's ghost, novice DsBe
D:8 exclusion: hornet
Lair:3 exclusion: oklob plant
Swamp:1 2 transporters, MackTheKnife's ghost, journeyman SpBr; Roxanne
Elf:2 5 runed translucent doors
Vaults:3 3 runed translucent doors, Fypuno Aqar's ghost, adept DEFE
Depths:3 2 transporters
Zot:5 exclusions: obsidian statue and 2 upstairs

...#
##..#...####.......####.#
...# ##.#.....#....##..####.#
...# #.#.....##............#
...# #.#.....##............#
...# #.#.....##........#####
#### #...#########..#..#
##########..#########....#
####........#.#.#©##©....##.#
..##.######.#..#D###....###.#
.....# #.###.#.##....###.#
#.#### #.# ##.#.#........#
#.# #.# #.############ #.#
#######.####.# ..#
#............#
..###.##.#..##.###
....#.##.#{.##.#
....#..........#


There were no monsters in sight!


Message History

You now have 484 max hp (+161).
Your hp is fully restored (484).
You lost 8 mp, and now have 28/35 mp.
The neqoxec hits you but does no damage.
You maul the neqoxec!!!!
You kill the neqoxec!
No target in view!
(D) Dungeon (T) Temple (L) Lair (S) Swamp (N) Spider Nest (M) Slime Pits (O) Orcish Mines (E) Elven Halls (V) Vaults (C) Crypt (U) Depths (H) Hell (Z) Zot
Where to? (Enter - D:1, ? - help)
What level of the Dungeon? (default 1, ? - help)
There is a stone staircase leading up here.
You fly upwards.
There is a stone staircase leading down here.
There is an escape hatch in the ceiling, spattered with blood here.
A mysterious force pulls you upwards. The hatch slams shut behind you.
A Hell Sentinel comes into view. 😎 MP[+6]
You regained 6 mp, and now have 34/35 mp. 😎 MP[+1]
Your mp is fully restored (35).
The Hell Sentinel gestures at you.
The sphere of damnation explodes!
The damnation engulfs you!! 😕 HP[-35]
You take 35 damage, and now have 449/484 hp. 😕 HP[+1]
You hit the Hell Sentinel but do no damage.
You claw the Hell Sentinel!! 😕 HP[+1]
You maul the Hell Sentinel!!!
You tail-slap the Hell Sentinel! You claw the Hell Sentinel!!!
You bite the Hell Sentinel, but do no damage.
The Hell Sentinel closely misses you.
The Hell Sentinel hits you but does no damage.
You claw the Hell Sentinel!
You tail-slap the Hell Sentinel, but do no damage. 😕 HP[+1]
You hit the Hell Sentinel but do no damage.
You bite the Hell Sentinel, but do no damage.
The Hell Sentinel hits you! x2 😕 HP[-19]
You take 19 damage, and now have 433/484 hp.
You claw the Hell Sentinel!
You kill the Hell Sentinel! 😕 HP[+1]
(D) Dungeon (T) Temple (L) Lair (S) Swamp (N) Spider Nest (M) Slime Pits (O) Orcish Mines (E) Elven Halls (V) Vaults (C) Crypt (U) Depths (H) Hell (Z) Zot
Where to? (Enter - D:1, ? - help)
There is a stone staircase leading up here.
You fly upwards.
Level annotation: 1 transporter
There is a stone staircase leading down here. 😕 HP[+7]
You regained 7 hp, and now have 441/484 hp.
An Orb Guardian comes into view. 😕 HP[+7]
You regained 7 hp, and now have 448/484 hp. 😕 HP[+1] 😕 HP[+1] 😕 HP[+1]
You maul the Orb Guardian!!!!
You kill the Orb Guardian! 😕 HP[+1]
(D) Dungeon (T) Temple (L) Lair (S) Swamp (N) Spider Nest (M) Slime Pits (O) Orcish Mines (E) Elven Halls (V) Vaults (C) Crypt (U) Depths (H) Hell (Z) Zot
Where to? (Enter - D:1 @ (x,y), ? - help)
There is a staircase leading out of the dungeon here. 😕 HP[+17]
You regained 17 hp, and now have 469/484 hp.
Okay, then. 😕 HP[+1]
There is a staircase leading out of the dungeon here. 😕 HP[+1]
You feel protected. 😕 HP[+1]
You feel very mighty all of a sudden. 😕 HP[+1]
You feel yourself speed up. 😕 HP[+1]
You feel clever all of a sudden.
Okay, then.
Casting: Dragon Form (safe; 1% risk of failure)
Confirm with . or Enter, or press ? or * to list all spells.
You feel a surge of power!
You extend your transformation's duration. 😕 HP[+1] MP[-4]
You lost 4 mp, and now have 31/35 mp.
Really quaff
K - 8 potions of berserk rage {!q}?
A red film seems to cover your vision as you go berserk!
You feel yourself moving faster!
You feel mighty! 😕 HP[+239]
You now have 726 max hp (+242).
You regained 239 hp, and now have 714/726 hp.
You feel a strong urge to attack something.
You have escaped!

Skill      XL: |  1  2  3  4  5  6  7  8  9 10 11 12 13 14 15 16 17 18 19 20 21 22 23 24 25 26 27 |
---------------+----------------------------------------------------------------------------------+-----
Transmutations | 2 3 4 6 9 10 11 13 17 21 22 | 22.2
Fighting       | 2 3 5 8 13 14 15 17 18 20 21 22 23 | 23.5
Unarmed Combat | 3 4 5 8 11 12 13 15 16 18 20 23 25 | 25.3
Poison Magic   | 1 2 4 6 |  6.0
Spellcasting   | 3 5 6 7 11 13 | 13.0
Dodging        | 6 |  6.1
Ice Magic      | 3 |  3.3
Earth Magic    | 6 7 9 |  9.1
Hexes          | 2 |  2.4
Conjurations   | 3 5 |  5.4
Shields        | 8 14 17 | 17.5
Necromancy     | 8 |  8.0

Action                   |  1- 3 |  4- 6 |  7- 9 | 10-12 | 13-15 | 16-18 | 19-21 | 22-24 | 25-27 || total
-------------------------+-------+-------+-------+-------+-------+-------+-------+-------+-------++-------
Melee: Unarmed           |   106 |   129 |   300 |   318 |   867 |  1079 |   991 |   906 |   584 ||  5280
       Kick              |    22 |    26 |    14 |     1 |       |       |       |     3 |    15 ||    81
       Headbutt          |    14 |    17 |    11 |     1 |     2 |       |       |     2 |       ||    47
       Punch             |     4 |     3 |     2 |     2 |    65 |   124 |    50 |       |    57 ||   307
       Tailslap          |       |       |       |       |       |       |       |       |    57 ||    57
       Bite              |       |       |       |       |       |       |       |       |    56 ||    56
Throw: Boomerang         |       |     2 |     6 |       |       |       |       |       |       ||     8
       Dart              |       |       |       |    11 |     2 |       |       |       |       ||    13
 Cast: Beastly Appendage |    30 |    26 |    13 |     1 |     1 |       |       |     4 |       ||    75
       Spider Form       |       |       |    38 |    14 |     1 |       |       |       |       ||    53
       Ice Form          |       |       |       |    31 |    26 |       |       |       |       ||    57
       Wereblood         |       |       |       |     1 |     4 |    13 |    41 |    31 |    15 ||   105
       Statue Form       |       |       |       |       |    71 |    97 |    67 |    89 |    21 ||   345
       Irradiate         |       |       |       |       |       |    17 |    36 |    12 |     2 ||    67
       Yara's Violent Un |       |       |       |       |       |     4 |     6 |     5 |     1 ||    16
       Animate Dead      |       |       |       |       |       |       |     4 |    14 |     5 ||    23
       Death Channel     |       |       |       |       |       |       |       |    32 |    24 ||    56
       Eringya's Noxious |       |       |       |       |       |       |       |     4 |     9 ||    13
       Borgnjor's Vile C |       |       |       |       |       |       |       |     1 |     2 ||     3
       Dragon Form       |       |       |       |       |       |       |       |     1 |    37 ||    38
Invok: Curse Item        |       |       |     1 |     2 |     3 |     2 |     3 |       |       ||    11
       Shatter the Chain |       |       |       |       |     2 |     1 |     1 |       |       ||     4
Evoke: Wand              |       |       |       |       |     1 |    12 |     1 |       |     3 ||    17
       Phantom mirror    |       |       |       |       |     1 |     1 |       |       |     1 ||     3
       Condenser vane    |       |       |       |       |       |     1 |     1 |     3 |     2 ||     7
       Phial of floods   |       |       |       |       |       |     1 |       |     2 |     1 ||     4
  Use: Scroll            |     3 |     1 |     5 |    14 |     2 |     7 |    10 |     8 |    16 ||    66
       Potion            |       |     3 |     1 |     4 |       |       |       |     8 |    21 ||    37
 Stab: Petrified         |       |       |       |       |     2 |       |       |       |       ||     2
       Distracted        |       |       |       |       |       |     1 |     4 |    14 |     6 ||    25
       Paralysed         |       |       |       |       |       |     1 |       |       |       ||     1
       Confused          |       |       |       |       |       |     2 |       |     3 |     1 ||     6
Armor: Robe              |    27 |    32 |    20 |    23 |    12 |    20 |     5 |     4 |     3 ||   146
       Skin              |       |       |     7 |    57 |   606 |  1258 |   729 |   498 |   244 ||  3399
Dodge: Dodged            |    41 |    49 |   207 |   228 |   593 |  1005 |   540 |   365 |   195 ||  3223
       Repelled          |       |       |       |       |     7 |    21 |     8 |    16 |    17 ||    69
Block: Tower shield      |       |       |       |       |       |       |   863 |  1137 |   333 ||  2333

Levels and vault maps discovered:
D:1:      spicycebolla_arrival_risky_transporter, layout_loops_cross,
          shapermc_ecumenical_altar_starsandcircs, hex_tiny, st_stairs_4
D:2:      layout_rooms, minmay_misc_feat_iff
D:3:      layout_basic
D:4:      minmay_angry_zag, layout_loops_corners, uniq_duvessa
D:5:      layout_basic, kennysheep_mini_moat, mrwooster_statue_mirror,
          grunt_decor_cap
D:6:      layout_loops_cross, minmay_temple_entry_glassed_door
D:7:      layout_basic, ebering_ghost_inner_flame
D:8:      layout_gridville, nicolae_shop_sticking_my_neck_out
D:9:      hellmonk_ruined_rings, layout_rooms, nicolae_blasting_shop,
          minmay_misc_feat_rugged
D:10:     layout_cross
D:11:     minmay_the_grid_octo_tiled_octocenter
          [minmay_the_grid_octo_fat_diamond, minmay_the_grid_octo_odd_swirl,
          minmay_the_grid_octo_clover_2, minmay_the_grid_octo_chip,
          minmay_the_grid_octo_prize_single_spiral,
          minmay_the_grid_square_5x5_forky,
          minmay_the_grid_square_5x5_inverted_slash,
          minmay_the_grid_square_5x5_checkered_sparse,
          minmay_the_grid_square_5x5_minimal], layout_stronghold,
          minmay_lair_entry_grove, david_orc_4, xom_teletrap_fun, uniq_gastronok
D:12:     layout_rooms, special_room [special_room_bee], gauntlet_entry_generic,
          uniq_erolcha
D:13:     layout_gridville, erik_vaults_1, portal_ice_cave_entry_ice_simulacra,
          uniq_azrael
D:14:     layout_roguey, minmay_misc_feat_alley
D:15:     hangedman_depths_entry_civil_slaughter, layout_basic,
          grunt_decor_mini_mirrors, minmay_orc_keep
Temple:   compressed_dpeg_circular_temple
Lair:1:   layout_chaotic_city, nzn_random_ring, grunt_megastairs_3
Lair:2:   layout_chaotic_city, nicolae_spider_entry_non_spiders,
          infiniplex_staircase_pool_2, uniq_urug, uniq_amaemon, uniq_nergalle
Lair:3:   layout_hall_layers, palyth_hydra_swamp_entry,
          chequers_serial_rivers_large_b, minivault_23
Lair:4:   layout_roguey, nicolae_volcano_entry_vermiform,
          minmay_shattered_shrine
Lair:5:   evilmike_catoblepas_cave, layout_gridlike, dpeg_slime_entry_corner,
          chequers_serial_rivers_micro_c, st_stairs_13
Swamp:1:  layout_falls_marsh, gammafunk_ghost_wrathful_warriors,
          nicolae_swamp_feature_on_the_river_bank, uniq_jorgrun, uniq_roxanne,
          uniq_louise
Swamp:2:  layout_basic_swamp, nicolae_swamp_treefoil, swamp_pool3
Swamp:3:  nicolae_swamp_ascending_descending_big, layout_basic_swamp,
          hangedman_swamp_cone, swamp_pool1
Swamp:4:  swamp_vile, layout_basic_swamp, swamp_pool4
Spider:1: layout_spider_delve
Spider:2: layout_cave_pods
Spider:3: nicolae_spider_mines_3
Spider:4: spider_rune_water
Orc:1:    layout_caves, hellmonk_ghost_happy_afterlife
Orc:2:    grunt_orc_gardens, layout_caves, grunt_orc_garden, grunt_orc_garden,
          grunt_orc_garden, grunt_orc_garden, serial_shops, shop, basic_altar
Elf:1:    eino_elf_arrival_sip, layout_loops_corners, minivault_28
Elf:2:    elven_hall_of_blades_hangedman_alternative [mumra_blade_entry_dagger],
          layout_gridlike, serial_shops, shop, uniq_agnes
Elf:3:    grunt_elf_hall_asides, layout_geoelf_castle
Vaults:1: v_misc_9, vaults_dpeg_diagonal, ontoclasm_vaults_hangar,
          st_quartered_hall, v_misc_2, vaults_dpeg_ring, vaults_room_door_hall,
          nicolae_vaults_network_quinsquares
          [nicolae_vaults_network_quincunx_subvault,
          nicolae_vaults_network_quincunx_subvault,
          nicolae_vaults_network_quincunx_subvault,
          nicolae_vaults_network_quincunx_subvault], grunt_vaults_swirl,
          grunt_vaults_twisty, vaults_room_hallway,
          nicolae_vaults_little_squares_3, vaults_room_hallway,
          vaults_mumra_chevron, vaults_dpeg_hooks, layout_vaults_omnicross
Vaults:2: portal_desolation_entry_garden, minmay_crypt_entry_necro_gods,
          nicolae_vaults_arrows, ontoclasm_vaults_eye,
          nicolae_vaults_what_the_h, vaults_room_door_ring,
          hangedman_vaults_trim, v_pattern_1, ontoclasm_vaults_gateway,
          v_misc_17, vaults_room_door_hall, v_misc_8, grunt_vaults_bifocal,
          ontoclasm_vaults_decontamination, layout_vaults_maze_snakey
Vaults:3: ebering_ghost_rock_garden, ontoclasm_vaults_hangar,
          ontoclasm_vaults_chip, v_rooms_1, v_pattern_5,
          vaults_room_ringed_pool, hangedman_vaults_trim, v_misc_18,
          hangedman_vaults_hard_town_square, v_rooms_4, layout_vaults_ring
Vaults:4: nicolae_vaults_three_branches, nicolae_vaults_network_periphery,
          ontoclasm_vaults_chip, nicolae_vaults_yaktaur_gun_rack,
          nicolae_vaults_ninety_degrees, vaults_dpeg_cross,
          ontoclasm_vaults_shuriken, ontoclasm_vaults_chip,
          ontoclasm_vaults_twist, layout_vaults_omnigrid, uniq_saint_roka
Vaults:5: serial_shops
Depths:1: layout_cave_shapes, grunt_hell_entry_dis_mu, kennysheep_another_room,
          nicolae_water_bricks, hangedman_abyss_or_decor_passed,
          grunt_qazlal_sundering
Depths:2: grunt_bent_corner, layout_twisted_cross, enter_ziggurat_d,
          pf_vacation_house_of_asmodeus, hellmonk_ghost_big_iron,
          rand_demon_pan_entry_7
Depths:3: emtedronai_trogs_sanctum, layout_cave_shapes, grunt_metal_band,
          abyss_entry, rand_demon_pan_entry_5, nicolae_uskayaw_dance_hall,
          grunt_megastairs_4, uniq_parghit
Depths:4: grunt_zot_entry_gee_three, layout_honeycomb, hellmouth_1,
          abyss_entry_small_statue_room, drop_trap, serial_bayou_shore_a
Zot:1:    layout_gridlike
Zot:2:    layout_gridlike
Zot:3:    layout_basic, drop_trap, amethyst_zot_foddershock
Zot:4:    layout_gridville, lemuel_baited_zot_trap, uniq_josephina
Zot:5:    layout_misc_corridors

Notes
Turn   | Place    | Note
-------+----------+-------------------------------------------
     0 | D:1      | MackTheKnife the Ogre Transmuter began the quest for the
                  | Orb.
     0 | D:1      | Reached XP level 1. HP: 19/19 MP: 3/3
     0 | D:1      | magus.rc [v1.9.6]
   274 | D:1      | Reached skill level 2 in Transmutations
   284 | D:1      | Reached skill level 2 in Fighting
   351 | D:1      | Reached XP level 2. HP: 28/28 MP: 3/5
   473 | D:1      | Found a faded altar of an unknown god.
  1013 | D:2      | Reached skill level 3 in Fighting
  1013 | D:2      | Reached XP level 3. HP: 36/37 MP: 4/6
  1363 | D:2      | Reached skill level 3 in Unarmed Combat
  1440 | D:3      | You pick up a book of the Earth and begin reading...
  1440 | D:3      | You add the spells Leda's Liquefaction, Lee's Rapid
                  | Deconstruction and Statue Form to your library.
  1834 | D:3      | Reached XP level 4. HP: 42/45 MP: 7/7
  2823 | D:4      | Noticed a black bear
  2832 | D:4      | Killed a black bear
  2833 | D:4      | Reached skill level 4 in Unarmed Combat
  2833 | D:4      | Reached XP level 5. HP: 25/53 MP: 8/8
  3033 | D:4      | HP: 3/53 [iguana (11)]
  3035 | D:4      | Reached skill level 5 in Unarmed Combat
  3472 | D:4      | Learned a level 3 spell: Spider Form
  3476 | D:4      | Noticed Duvessa
  3672 | D:4      | Reached XP level 6. HP: 61/61 MP: 9/9
  3732 | D:4      | Noticed Dowan
  3840 | D:4      | Reached skill level 4 in Fighting
  3977 | D:4      | Reached skill level 5 in Fighting
  4501 | D:5      | Entered Level 5 of the Dungeon
  4621 | D:5      | Reached skill level 3 in Transmutations
  4621 | D:5      | Reached skill level 1 in Poison Magic
  4621 | D:5      | Reached XP level 7. HP: 43/72 MP: 10/10
  5087 | D:5      | Reached skill level 2 in Poison Magic
  5221 | D:5      | Found a sacrificial altar of Ru.
  5919 | D:5      | Reached skill level 3 in Spellcasting
  5919 | D:5      | Reached skill level 4 in Transmutations
  5972 | D:5      | Reached XP level 8. HP: 68/80 MP: 11/13
  6242 | D:5      | Reached skill level 6 in Unarmed Combat
  6871 | D:6      | Noticed a wyvern
  6876 | D:6      | Killed a wyvern
  6877 | D:6      | Reached skill level 7 in Unarmed Combat
  7119 | D:6      | You add the spells Sting, Poisonous Vapours and Olgreb's
                  | Toxic Radiance to your library.
  7267 | D:6      | Reached skill level 8 in Unarmed Combat
  7394 | D:6      | Reached XP level 9. HP: 48/88 MP: 14/14
  7769 | D:6      | Found a staircase to the Ecumenical Temple.
  7787 | Temple   | Entered the Ecumenical Temple
  7805 | Temple   | Became a worshipper of Ashenzari the Shackled
  7823 | D:6      | magus.rc [v1.9.6]
  7960 | D:7      | Reached skill level 6 in Fighting
  8118 | D:7      | You pick up a book of Touch and begin reading...
  8118 | D:7      | You add the spells Kiss of Death, Confusing Touch and
                  | Dispel Undead to your library.
  8314 | D:7      | Found a runed translucent door.
  8335 | D:7      | Noticed Sermion's ghost (novice DsBe)
  8394 | D:7      | Reached skill level 7 in Fighting
  8887 | D:8      | Reached skill level 8 in Fighting
  8910 | D:8      | Reached skill level 2 in Dodging
  9031 | D:8      | Noticed a hornet
  9205 | D:8      | Reached skill level 3 in Dodging
  9389 | D:8      | Reached skill level 4 in Dodging
  9607 | D:8      | You pick up a book of Vapours and begin reading...
  9607 | D:8      | You add the spells Cigotuvi's Dreadful Rot and Mephitic
                  | Cloud to your library.
  9668 | D:8      | Learned a level 4 spell: Ice Form
  9671 | D:8      | Learned a level 2 spell: Wereblood
  9690 | D:8      | Found Liphuwam's Neck Hole.
  9719 | D:8      | Bought an amulet of regeneration for 390 gold pieces
 10018 | D:9      | Reached skill level 5 in Dodging
 10106 | D:8      | Reached skill level 6 in Dodging
 10106 | D:8      | Reached XP level 10. HP: 86/106 MP: 6/15
 10317 | D:9      | Reached skill level 1 in Ice Magic
 10593 | D:9      | Reached skill level 5 in Transmutations
 10608 | D:9      | magus.rc [v1.9.6]
 10687 | D:9      | Reached skill level 2 in Ice Magic
 10858 | D:9      | HP: 23/106 [acid dragon/splash of acid (16)]
 10862 | D:9      | Found Relun's Demolitions Depot.
 11063 | D:9      | Reached skill level 3 in Ice Magic
 11127 | D:9      | You pick up a book of Sloth and begin reading...
 11127 | D:9      | You add the spells Petrify and Metabolic Englaciation to
                  | your library.
 11500 | D:10     | Entered Level 10 of the Dungeon
 11599 | D:10     | Reached skill level 4 in Spellcasting
 11646 | D:10     | Reached skill level 6 in Transmutations
 11785 | D:10     | Noticed a two-headed ogre
 11917 | D:10     | Killed a two-headed ogre
 11918 | D:10     | Reached skill level 5 in Spellcasting
 12090 | D:10     | You pick up a book of Callings and begin reading...
 12090 | D:10     | You add the spells Summon Small Mammal, Call Canine
                  | Familiar and Summon Guardian Golem to your library.
 12125 | D:10     | Reached XP level 11. HP: 115/115 MP: 15/20
 12128 | D:10     | Reached skill level 9 in Fighting
 12218 | D:11     | Noticed a two-headed ogre
 12228 | D:11     | Killed a two-headed ogre
 12229 | D:11     | Reached skill level 9 in Unarmed Combat
 12492 | D:11     | Reached skill level 10 in Fighting
 12811 | D:11     | You pick up a book of Storms and begin reading...
 12811 | D:11     | You add the spells Airstrike, Summon Lightning Spire and
                  | Lightning Bolt to your library.
 12865 | D:11     | Noticed a red ugly thing
 12914 | D:11     | Noticed a green ugly thing
 13082 | D:9      | Killed a green ugly thing
 13083 | D:9      | Reached skill level 11 in Fighting
 13253 | D:10     | Reached skill level 10 in Unarmed Combat
 13358 | D:11     | Killed a red ugly thing
 13430 | D:11     | Found a shimmering altar of Xom.
 13446 | D:11     | You add the spells Tukima's Dance, Passage of Golubria and
                  | Yara's Violent Unravelling to your library.
 13599 | D:11     | Found a staircase to the Lair.
 13687 | D:11     | Noticed a two-headed ogre
 13736 | D:11     | Noticed a centaur warrior
 13765 | D:11     | Reached * piety under Ashenzari
 13765 | D:11     | Identified a potion of experience
 13766 | D:11     | Reached skill level 13 in Fighting
 13766 | D:11     | Reached skill level 11 in Unarmed Combat
 13766 | D:11     | Reached XP level 12. HP: 141/141 MP: 22/22
 13796 | D:11     | Reached skill level 14 in Fighting
 14018 | Lair:1   | Entered Level 1 of the Lair of Beasts
 14190 | Lair:1   | Reached ** piety under Ashenzari
 14547 | Lair:1   | Reached skill level 12 in Unarmed Combat
 14637 | Lair:1   | Reached XP level 13. HP: 119/156 MP: 22/25
 14982 | Lair:2   | Noticed Nergalle
 15026 | Lair:2   | Reached skill level 15 in Fighting
 15119 | Lair:2   | magus.rc [v1.9.6]
 15126 | Lair:2   | Learned a level 6 spell: Statue Form
 15136 | Lair:2   | Reached skill level 1 in Earth Magic
 15338 | Lair:2   | Noticed Amaemon
 15346 | Lair:2   | Reached *** piety under Ashenzari
 15366 | Lair:2   | Reached skill level 7 in Transmutations
 15428 | Lair:2   | Identified the cursed +1 robe of Ashenzari's Omen {Evo,
                  | Melee}
 15548 | Lair:2   | Found a hole to the Spider Nest.
 15566 | Lair:2   | Reached skill level 2 in Earth Magic
 15733 | Lair:2   | Killed Nergalle
 16026 | D:11     | Reached skill level 3 in Earth Magic
 16074 | D:8      | Bought a +0 cloak for 58 gold pieces
 16217 | Lair:2   | Noticed Urug
 16237 | Lair:2   | Killed Urug
 16299 | Lair:2   | Reached skill level 8 in Transmutations
 16307 | Lair:2   | Reached skill level 4 in Earth Magic
 16318 | Lair:2   | Killed Amaemon
 16972 | Lair:3   | Reached skill level 5 in Earth Magic
 17387 | Lair:3   | Reached skill level 9 in Transmutations
 17812 | Lair:3   | Reached skill level 6 in Earth Magic
 17861 | Lair:3   | Found a staircase to the Swamp.
 18269 | Lair:4   | Found a dark tunnel.
 18317 | Volcano  | Entered a volcano
 18539 | Volcano  | Found a bloodstained altar of Trog.
 18544 | Volcano  | Reached skill level 6 in Spellcasting
 18549 | Volcano  | Reached XP level 14. HP: 169/169 MP: 15/27
 19212 | Lair:4   | Reached skill level 7 in Earth Magic
 19252 | Lair:4   | You pick up a book of Decay and begin reading...
 19349 | Lair:4   | Reached skill level 10 in Transmutations
 19352 | Lair:4   | Reached skill level 7 in Spellcasting
 19596 | Lair:5   | Entered Level 5 of the Lair of Beasts
 20135 | Lair:5   | Reached skill level 16 in Fighting
 20144 | Lair:5   | Reached skill level 13 in Unarmed Combat
 20258 | Lair:5   | Identified the +1 buckler "Metzuwk" {Harm Rampage rPois rF-
                  | rC-}
 20442 | Lair:5   | Found the amulet of the Air {Inacc Air Fly rElec RMsl}
 20957 | Lair:5   | Found a staircase to the Slime Pits.
 21173 | D:11     | Reached skill level 17 in Fighting
 21173 | D:11     | Reached XP level 15. HP: 178/178 MP: 23/28
 21254 | D:11     | You pick up a book of Winter and begin reading...
 21254 | D:11     | You add the spells Ozocubu's Armour and Simulacrum to your
                  | library.
 21361 | D:11     | Reached skill level 8 in Earth Magic
 21764 | D:11     | Noticed Gastronok
 21782 | D:11     | Killed Gastronok
 21783 | D:11     | Reached skill level 14 in Unarmed Combat
 21848 | D:11     | Found a staircase to the Orcish Mines.
 22208 | Orc:1    | Entered Level 1 of the Orcish Mines
 22409 | Orc:1    | Noticed Notanamesir's ghost (journeyman OgMo)
 22414 | Orc:1    | Noticed an orc warlord
 22424 | Orc:1    | Killed an orc warlord
 22846 | Orc:1    | Found a runed translucent door.
 22893 | Orc:1    | Killed Notanamesir's ghost
 23218 | Orc:2    | Entered Level 2 of the Orcish Mines
 23218 | Orc:2    | Found Ytuentil's Antique Armour Emporium.
 23244 | Orc:2    | Noticed an orc warlord
 23452 | Orc:2    | Reached skill level 9 in Earth Magic
 23639 | Orc:2    | Found Nuhanem's General Store.
 23648 | Orc:2    | Bought a potion of brilliance for 64 gold pieces
 23723 | Orc:2    | Found Loneum's General Store.
 23765 | Orc:2    | Found Xegoydy's Jewellery Emporium.
 23963 | Orc:1    | Killed an orc warlord
 24319 | Orc:2    | Found a bloodstained altar of Trog.
 24787 | Orc:2    | Found Ereozxi's Antique Weapon Boutique.
 24798 | Orc:2    | Found a staircase to the Elven Halls.
 24930 | D:11     | Upgraded the game from 0.30-a0-422-g946f4849ff to
                  | 0.30-a0-424-g7412bad402
 24930 | D:11     | magus.rc [v1.9.6]
 24983 | D:12     | Reached skill level 15 in Unarmed Combat
 24987 | D:12     | Reached **** piety under Ashenzari
 24997 | D:12     | Noticed Erolcha
 25018 | D:12     | Killed Erolcha
 25028 | D:12     | Found a gate leading to a gauntlet.
 25047 | Gauntlet | Entered a Gauntlet
 25047 | Gauntlet | Found a transporter.
 25047 | Gauntlet | Found a transporter.
 25144 | Gauntlet | Found a transporter.
 25144 | Gauntlet | Identified a scroll of acquirement
 25145 | Gauntlet | Found a transporter.
 25148 | Gauntlet | Found a transporter.
 25148 | Gauntlet | Found a transporter.
 25181 | Gauntlet | Found a transporter.
 25186 | Gauntlet | Found a transporter.
 25194 | Gauntlet | Found a transporter.
 25202 | Gauntlet | Identified the ring of the Wizarding Gods {Ice Dex+4
                  | Stlth-}
 25208 | Gauntlet | Identified the amulet of the Echidna {Regen+ Str+4}
 25210 | Gauntlet | Found a transporter.
 25230 | Gauntlet | Found a transporter.
 25234 | Gauntlet | Found a transporter.
 25235 | Gauntlet | Identified the +2 hat of Jewyucug {rF+ Regen+}
 25467 | Gauntlet | Acquired the -1 hat of Maokhlan {Will+}
 25642 | Gauntlet | Identified the +1 leather armour "Wuekiat" {rC+}
 25705 | D:12     | Reached skill level 18 in Fighting
 25823 | D:12     | Reached XP level 16. HP: 195/195 MP: 27/30
 26252 | D:13     | Reached skill level 19 in Fighting
 26272 | D:13     | Found a gate to the Vaults.
 26291 | D:13     | Found a frozen archway.
 26324 | IceCv    | Entered an ice cave
 26656 | IceCv    | W - a +1 eveningstar of freezing {macerare=g}
 26664 | IceCv    | You drop a +1 eveningstar of freezing {macerare=g}.
 26868 | D:13     | Noticed Azrael
 26871 | D:13     | Killed Azrael
 26872 | D:13     | Reached skill level 20 in Fighting
 27192 | D:14     | You add the spells Gell's Gravitas, Teleport Other and
                  | Dispersal to your library.
 27198 | D:14     | Learned a level 4 spell: Petrify
 27204 | D:14     | Learned a level 5 spell: Yara's Violent Unravelling
 27612 | D:14     | You pick up a book of Party Tricks and begin reading...
 27612 | D:14     | You add the spells Apportation and Alistair's Intoxication
                  | to your library.
 27670 | D:14     | magus.rc [v1.9.6]
 27749 | D:14     | Identified the +1 pair of boots "Xiciz" {Str+6}
 27886 | D:15     | Entered Level 15 of the Dungeon
 27887 | D:15     | Reached ***** piety under Ashenzari
 27911 | D:15     | You pick up a book of Debilitation and begin reading...
 27911 | D:15     | You add the spells Slow and Vampiric Draining to your
                  | library.
 27948 | D:15     | Reached skill level 1 in Hexes
 27966 | D:15     | Reached skill level 11 in Transmutations
 27971 | D:15     | Reached skill level 2 in Hexes
 28047 | D:15     | Acquired the Tractate on Metamorphosis and Blasting
 28048 | D:15     | You add the spells Passwall, Ignite Poison, Fulminant Prism
                  | and Irradiate to your library.
 28055 | D:15     | Learned a level 5 spell: Irradiate
 28155 | D:15     | Reached skill level 1 in Conjurations
 28176 | D:15     | magus.rc [v1.9.6]
 28176 | D:15     | magus.rc [v1.9.6]
 28213 | D:15     | Found a staircase to the Depths.
 28224 | D:15     | Reached skill level 2 in Conjurations
 28445 | D:15     | Reached skill level 3 in Conjurations
 28477 | D:15     | Acquired the ring "Gobrair" {rC+ Int+3 Dex+2}
 28534 | D:15     | Reached XP level 17. HP: 217/217 MP: 24/33
 29097 | Spider:1 | Entered Level 1 of the Spider Nest
 29207 | Spider:1 | Reached skill level 4 in Conjurations
 29229 | Spider:1 | You pick up a book of Vapours and begin reading...
 29274 | Spider:1 | Reached skill level 12 in Transmutations
 29661 | Spider:1 | Reached skill level 5 in Conjurations
 29679 | Spider:1 | You pick up a book of Displacement and begin reading...
 30460 | Spider:2 | Reached skill level 8 in Spellcasting
 30485 | Spider:2 | Gained mutation: You are strong-willed. (Will+) [you]
 31263 | Spider:3 | Reached skill level 13 in Transmutations
 31267 | Spider:3 | Reached skill level 9 in Spellcasting
 31441 | Spider:3 | Identified the +2 plate armour of the Desert {rF- rN+ Int+3
                  | Slay+3}
 31980 | Spider:4 | Entered Level 4 of the Spider Nest
 32044 | Spider:4 | Reached skill level 10 in Spellcasting
 32057 | Spider:3 | Gained mutation: You are clumsy. (Dex -2) [you]
 32513 | Spider:4 | Reached skill level 11 in Spellcasting
 32876 | Spider:4 | You pick up a book of Frost and begin reading...
 32876 | Spider:4 | You add the spells Freeze, Frozen Ramparts and Hailstorm to
                  | your library.
 32925 | Spider:4 | Reached XP level 18. HP: 222/222 MP: 29/36
 33031 | Spider:4 | Reached skill level 12 in Spellcasting
 33402 | Spider:4 | HP: 72/288 [hornet (8)]
 33638 | Spider:4 | Reached skill level 13 in Spellcasting
 33707 | Spider:4 | Got a gossamer rune of Zot
 33907 | Swamp:1  | Entered Level 1 of the Swamp
 34110 | Swamp:1  | Noticed Louise
 34130 | Swamp:1  | Killed Louise
 34193 | Swamp:1  | Noticed Jorgrun
 34193 | Swamp:1  | Noticed a tentacled monstrosity
 34239 | Swamp:2  | HP: 67/289 [acid (7)]
 34579 | Swamp:1  | Killed a tentacled monstrosity
 34580 | Swamp:1  | Reached skill level 21 in Fighting
 34893 | Swamp:1  | Reached skill level 1 in Shields
 34918 | Swamp:1  | Found a bloodstained altar of Trog.
 34918 | Swamp:1  | Noticed MackTheKnife's ghost (journeyman SpBr)
 34926 | Swamp:1  | Found a transporter.
 34940 | Swamp:1  | Killed Jorgrun
 34941 | Swamp:1  | Reached skill level 2 in Shields
 34957 | Swamp:1  | Found a transporter.
 35134 | Swamp:1  | Noticed Roxanne
 35171 | Swamp:1  | Reached skill level 3 in Shields
 35339 | Swamp:2  | Reached skill level 4 in Shields
 35716 | Swamp:2  | Reached skill level 5 in Shields
 35858 | Swamp:3  | Reached skill level 6 in Shields
 36066 | Swamp:3  | Reached skill level 7 in Shields
 36134 | Swamp:3  | You pick up a book of Touch and begin reading...
 36567 | Swamp:4  | Entered Level 4 of the Swamp
 36753 | Swamp:4  | Reached skill level 8 in Shields
 36756 | Swamp:4  | Reached XP level 19. HP: 174/234 MP: 31/38
 36947 | Swamp:4  | You pick up a book of Unlife and begin reading...
 36947 | Swamp:4  | You add the spells Animate Dead and Borgnjor's Vile Clutch
                  | to your library.
 36961 | Swamp:4  | Reached skill level 9 in Shields
 37073 | Swamp:4  | Noticed a tentacled monstrosity
 37083 | Swamp:4  | Killed a tentacled monstrosity
 37084 | Swamp:4  | Reached skill level 10 in Shields
 37128 | Swamp:4  | Got a decaying rune of Zot
 37302 | Swamp:4  | Reached skill level 11 in Shields
 37355 | Swamp:4  | Identified the +8 morningstar of Mana {vorpal, rPois Str+5}
 37701 | Vaults:1 | Entered Level 1 of the Vaults
 38158 | Vaults:1 | Reached skill level 12 in Shields
 38216 | Vaults:1 | J - +0 shadow dragon scales {rare}
 38403 | Vaults:1 | Reached skill level 13 in Shields
 39029 | Vaults:1 | Gained mutation: You are frail. (-10% HP) [you]
 39039 | Vaults:1 | Gained mutation: You are somewhat resistant to further
                  | mutation. [you]
 39040 | Vaults:1 | HP: 64/269 [ironbound preserver/+0 morningstar (20)]
 39186 | Vaults:1 | Reached skill level 14 in Shields
 39478 | Vaults:1 | Reached XP level 20. HP: 124/216 MP: 30/39
 39554 | Vaults:1 | You drop +0 shadow dragon scales {rare}.
 39623 | Vaults:1 | Identified the cursed +2 robe of Panopticon {Will+, Fort,
                  | Bglg} (You took it off an orc wizard on level 1 of the
                  | Orcish Mines)
 40097 | Vaults:2 | Found a crumbling gateway.
 40105 | Desolati | Entered the Desolation of Salt
 40112 | Desolati | Learned a level 4 spell: Animate Dead
 40136 | Desolati | Identified the Catalogue of Sinister Rituals and the Nimbus
 40144 | Desolati | Reached skill level 15 in Shields
 40365 | Desolati | Identified the +5 flail "Alujorabup" {venom, rPois Dex+5
                  | Stlth+}
 40367 | Desolati | Identified the ring "Daejatt" {*Slow rC++ Dex+6}
 40374 | Desolati | You pick up a book of the Warp and begin reading...
 40374 | Desolati | You add the spells Manifold Assault and Disjunction to your
                  | library.
 40424 | Desolati | Found the +5 Lochaber axe {reach-cleave, poleaxe, Drain}
 40444 | Desolati | Reached skill level 16 in Shields
 40566 | Desolati | Identified Sif Muna's Anthology of Conjuration
 40566 | Desolati | Identified Goetz's Folio of the Escort
 40566 | Desolati | Identified the Vellum of the Maledictive Mountains
 40566 | Desolati | Identified the Volume of Ghastly Contamination
 40566 | Desolati | Identified Pejom's Papyrus of the Blistering Oath
 40569 | Desolati | Identified the ring of Widduemp {rPois Int+6}
 40673 | Desolati | You add the spells Haunt and Borgnjor's Revivification to
                  | your library.
 40676 | Desolati | You add the spells Foxfire, Kindle Blastsparks and Portal
                  | Projectile to your library.
 40677 | Desolati | Identified the Guide on Energetic Direction
 40682 | Desolati | Identified the Guidebook on Flinty Contamination
 40687 | Desolati | You add the spells Cause Fear and Animate Armour to your
                  | library.
 40879 | Desolati | Reached skill level 17 in Shields
 41178 | Vaults:2 | Reached skill level 16 in Unarmed Combat
 41377 | Vaults:2 | Found a staircase to the Crypt.
 41377 | Vaults:2 | Found an ancient bone altar of Kikubaaqudgha.
 41378 | Vaults:2 | Found a basalt altar of Yredelemnul.
 41909 | Vaults:2 | Reached XP level 21. HP: 234/234 MP: 43/43
 41983 | Vaults:2 | Reached skill level 17 in Unarmed Combat
 42033 | Vaults:2 | You pick up a book of Cantrips and begin reading...
 42411 | Vaults:3 | Found a runed translucent gate.
 42411 | Vaults:3 | Found a runed translucent gate.
 42411 | Vaults:3 | Found a runed translucent gate.
 42411 | Vaults:3 | Noticed Fypuno Aqar's ghost (adept DEFE)
 42496 | Vaults:3 | HP: 74/304 [vault guard/+0 halberd[a vault warden] (33)]
 42496 | Vaults:3 | HP: 32/304 [ironbound frostheart (6)]
 42830 | Vaults:3 | Reached skill level 1 in Necromancy
 42836 | Vaults:3 | Reached skill level 2 in Necromancy
 42842 | Vaults:3 | Reached skill level 3 in Necromancy
 43070 | Vaults:3 | Reached skill level 4 in Necromancy
 43158 | Vaults:3 | Reached skill level 5 in Necromancy
 43461 | Vaults:3 | Reached skill level 6 in Necromancy
 43913 | Vaults:4 | Noticed Saint Roka
 44065 | Vaults:4 | Reached skill level 7 in Necromancy
 44289 | Vaults:4 | Reached skill level 8 in Necromancy
 44423 | Vaults:4 | Reached skill level 18 in Unarmed Combat
 44579 | Vaults:4 | Learned a level 6 spell: Death Channel
 44643 | Vaults:4 | Killed Saint Roka
 44644 | Vaults:4 | Reached XP level 22. HP: 243/243 MP: 41/44
 44995 | Vaults:4 | Identified the +5 arbalest "Hell-Harrower" {antimagic,
                  | +Blink rC+++ rN+ Stlth-}
 45169 | Vaults:4 | You pick up a book of Party Tricks and begin reading...
 45176 | Vaults:4 | Learned a level 5 spell: Borgnjor's Vile Clutch
 45763 | Elf:1    | Entered Level 1 of the Elven Halls
 45807 | Elf:1    | Reached skill level 19 in Unarmed Combat
 46390 | Elf:1    | Paralysed by an air elemental for 1 turns
 46419 | Elf:1    | Paralysed by an air elemental for 1 turns
 46839 | Elf:2    | magus.rc [v1.9.6]
 47029 | Elf:2    | Found Givid's Magic Scroll Emporium.
 47049 | Elf:2    | Bought a scroll of enchant armour for 90 gold pieces
 47319 | Elf:2    | Found a huge runed translucent gate.
 47319 | Elf:2    | Found a huge runed translucent gate.
 47319 | Elf:2    | Found a huge runed translucent gate.
 47324 | Elf:2    | Found a huge runed translucent gate.
 47324 | Elf:2    | Found a huge runed translucent gate.
 47556 | Elf:3    | Entered Level 3 of the Elven Halls
 47558 | Elf:3    | Paralysed by an air elemental for 1 turns
 47567 | Elf:3    | Reached skill level 20 in Unarmed Combat
 47675 | Elf:3    | Identified the +5 whip of the Disturbing Seas {spect, rElec
                  | rN++ Dex+4}
 48487 | Elf:3    | Identified the +4 great sword of Fifoq {protect, Dex+3}
 48487 | Elf:3    | Identified the +0 leather armour of Objectivity {SInv}
 48529 | Elf:3    | You add the spells Eringya's Noxious Bog and Summon Hydra
                  | to your library.
 48537 | Elf:3    | Learned a level 6 spell: Eringya's Noxious Bog
 48543 | Elf:3    | Identified the +5 dagger "Astreid" {flame, *Slow rC++}
 48543 | Elf:3    | Identified the ring of Jabbuera {rPois Int+3 Dex+2}
 48546 | Elf:3    | Identified the +8 great sword "Appa" {elec, rPois Int-5
                  | Dex+8}
 48583 | Elf:3    | Identified the +0 sling of Ashenzari's Grace {antimagic,
                  | rElec rPois rF+ Str-3}
 48592 | Elf:3    | Identified the +0 plate armour of Wovvou Paro {Drain Will+
                  | rCorr Stlth+}
 48594 | Elf:3    | Identified the +0 robe "Yjitidui" {Str+3}
 48612 | Elf:3    | You pick up a book of Chaos and begin reading...
 48612 | Elf:3    | You add the spells Conjure Ball Lightning and Discord to
                  | your library.
 48936 | Depths:1 | Entered Level 1 of the Depths
 49019 | Depths:1 | Reached skill level 3 in Poison Magic
 49050 | Depths:1 | Reached skill level 4 in Poison Magic
 49061 | Depths:1 | Reached XP level 23. HP: 252/252 MP: 41/45
 49150 | Depths:1 | Reached skill level 5 in Poison Magic
 49250 | Depths:1 | Found a stormy altar of Qazlal.
 49482 | Depths:1 | Found a gateway to Hell.
 49617 | Depths:1 | Reached skill level 6 in Poison Magic
 49753 | Depths:2 | Identified the Atlas of Spelunking
 49759 | Depths:2 | Reached skill level 21 in Unarmed Combat
 49792 | Depths:2 | Noticed Asut's ghost (journeyman GrFi)
 49851 | Depths:2 | Found a runed translucent door.
 49875 | Depths:2 | Killed Asut's ghost
 49879 | Depths:2 | You add the spells Iron Shot and Lehudib's Crystal Spear to
                  | your library.
 49964 | Depths:2 | Found a one-way gate leading to the halls of Pandemonium.
 50087 | Depths:2 | You pick up a book of Misfortune and begin reading...
 50466 | Depths:2 | Found a one-way gateway to a ziggurat.
 50684 | Depths:3 | Noticed a juggernaut
 50740 | Depths:3 | Reached skill level 22 in Unarmed Combat
 50764 | Depths:3 | Identified +6 gold dragon scales
 50764 | Depths:3 | Noticed Parghit
 50782 | Depths:3 | Killed Parghit
 50826 | Depths:3 | P - +6 gold dragon scales {rare}
 50909 | Depths:3 | You drop +6 gold dragon scales {rare}.
 51047 | Depths:3 | Found a transporter.
 51059 | Depths:3 | Found a transporter.
 51616 | Depths:3 | Found a hide-covered altar of Uskayaw.
 51627 | Depths:3 | Found a one-way gate to the infinite horrors of the Abyss.
 52048 | Depths:2 | Reached skill level 23 in Unarmed Combat
 52098 | Depths:2 | Reached XP level 24. HP: 208/260 MP: 4/45
 52162 | Depths:2 | HP: 72/338 [frost giant (illusionary)/+2 battleaxe of
                  | freezing (15)]
 52707 | Depths:2 | Reached skill level 24 in Unarmed Combat
 52732 | Depths:2 | Identified the +10 shortbow of Resumed Hostilities {freeze,
                  | rF+ rC++ Int-2 Dex+3}
 52742 | Depths:2 | You pick up a book of Vapours and begin reading...
 52744 | Depths:2 | You pick up a book of Frost and begin reading...
 52861 | Depths:4 | Entered Level 4 of the Depths
 53205 | Depths:4 | +0 storm dragon scales {rare}; a storm dragon corpse
 53214 | Depths:4 | X - +0 storm dragon scales {rare}
 53801 | Depths:4 | Found a gate to the Realm of Zot.
 54146 | Depths:4 | Reached skill level 25 in Unarmed Combat
 54279 | Depths:4 | You add the spells Necromutation and Death's Door to your
                  | library.
 54684 | Vaults:4 | magus.rc [v1.9.6]
 54837 | Vaults:4 | Lost mutation: You are strong-willed. (Will+) [potion of
                  | mutation]
 54837 | Vaults:4 | Lost mutation: You are frail. (-10% HP) [potion of
                  | mutation]
 54837 | Vaults:4 | Lost mutation: You are somewhat resistant to further
                  | mutation. [potion of mutation]
 54837 | Vaults:4 | Gained mutation: Your magical capacity is low. (-10% MP)
                  | [potion of mutation]
 54837 | Vaults:4 | Gained mutation: You possess an exceptional clarity of
                  | mind. [potion of mutation]
 54837 | Vaults:4 | Gained mutation: You have large cloven feet. [potion of
                  | mutation]
 54838 | Vaults:4 | Lost mutation: You have large cloven feet. [potion of
                  | mutation]
 54838 | Vaults:4 | Lost mutation: You possess an exceptional clarity of mind.
                  | [potion of mutation]
 54838 | Vaults:4 | Gained mutation: You occasionally lose the ability to drink
                  | potions when taking damage. [potion of mutation]
 54838 | Vaults:4 | Gained mutation: You expend magic power (3 MP) to
                  | strengthen your wands. [potion of mutation]
 54839 | Vaults:4 | Lost mutation: You are clumsy. (Dex -2) [potion of
                  | mutation]
 54839 | Vaults:4 | Lost mutation: You expend magic power (3 MP) to strengthen
                  | your wands. [potion of mutation]
 54839 | Vaults:4 | Gained mutation: You are dopey. (Int -2) [potion of
                  | mutation]
 54839 | Vaults:4 | Gained mutation: You are agile. (Dex +4, Str/Int -1)
                  | [potion of mutation]
 54839 | Vaults:4 | Gained mutation: Your body sometimes deteriorates upon
                  | taking damage. [potion of mutation]
 54840 | Vaults:4 | Lost mutation: You are dopey. (Int -2) [potion of mutation]
 54840 | Vaults:4 | Lost mutation: Your body sometimes deteriorates upon taking
                  | damage. [potion of mutation]
 54840 | Vaults:4 | Lost mutation: You occasionally lose the ability to drink
                  | potions when taking damage. [potion of mutation]
 54840 | Vaults:4 | Gained mutation: Your mind is acute. (Int +4, Str/Dex -1)
                  | [potion of mutation]
 54840 | Vaults:4 | Gained mutation: Your muscles are strong. (Str +4, Int/Dex
                  | -1) [potion of mutation]
 54860 | Vaults:5 | Entered Level 5 of the Vaults
 54905 | Vaults:5 | Reached skill level 22 in Fighting
 54956 | Vaults:5 | You pick up a book of the Dragon and begin reading...
 54956 | Vaults:5 | You add the spells Dragon Form and Dragon's Call to your
                  | library.
 54966 | Vaults:5 | Learned a level 7 spell: Dragon Form
 55008 | Vaults:5 | Reached XP level 25. HP: 301/301 MP: 32/40
 55065 | Vaults:5 | +0 storm dragon scales {rare}; a storm dragon corpse
 55092 | Vaults:5 | Identified the cursed +2 tower shield "Lashed Fetters"
                  | {Fort, Self} (You took it off Louise on level 1 of the
                  | Swamp)
 55114 | Vaults:5 | Y - +0 storm dragon scales {rare}
 55131 | Vaults:5 | Identified the +4 hand axe of the Madman {vorpal, Stlth+}
 55131 | Vaults:5 | Identified the ring of the Original Sin {rElec Will+ Int+3
                  | SInv}
 55151 | Vaults:5 | You drop +0 storm dragon scales {rare}.
 55152 | Vaults:5 | You drop +0 storm dragon scales {rare}.
 55183 | Vaults:5 | Reached skill level 23 in Fighting
 55316 | Vaults:5 | a tengu reaver comes into view. It is wielding the +12
                  | glaive of Prune {vorpal} and wearing a +2 robe of positive
                  | energy.
 55329 | Vaults:5 | Identified the amulet of Fiopaw {Spirit Fly Int+2 Slay+6
                  | Stlth-}
 55339 | Vaults:5 | Noticed a dread lich
 55348 | Vaults:5 | Reached skill level 14 in Transmutations
 55352 | Vaults:5 | Killed a dread lich
 55365 | Vaults:5 | Identified Faejeliu's Quarto of Ensorcelling and the Black
                  | Widow
 55392 | Vaults:5 | quicksilver dragon scales {rare}; a quicksilver dragon
                  | corpse
 55557 | Vaults:5 | Reached skill level 15 in Transmutations
 55568 | Vaults:5 | Identified the +4 broad axe of Moderation {flame, rElec
                  | MP+9 Dex-2 SInv}
 55591 | Vaults:5 | +0 storm dragon scales {rare}; a scroll of teleportation
                  | {@r4}; a storm dragon corpse
 55609 | Vaults:5 | n - +0 storm dragon scales {rare}
 55766 | Vaults:5 | Q - quicksilver dragon scales {rare}
 55792 | Vaults:5 | You drop quicksilver dragon scales {rare}.
 55887 | Vaults:5 | g - +0 shadow dragon scales {rare}
 55888 | Vaults:5 | You drop +0 shadow dragon scales {rare}.
 55889 | Vaults:5 | You drop +0 storm dragon scales {rare}.
 55930 | Vaults:5 | Identified the +5 spear "Woim" {spect, Str-3 Int+8}
 56103 | Vaults:5 | Reached skill level 16 in Transmutations
 56156 | Vaults:5 | You pick up a book of Transfigurations {@e2} and begin
                  | reading...
 56166 | Vaults:5 | You pick up a book of Flames and begin reading...
 56166 | Vaults:5 | You add the spells Inner Flame, Sticky Flame and Flame Wave
                  | to your library.
 56170 | Vaults:5 | Got a silver rune of Zot
 56263 | Vaults:5 | Identified Gloorx Vloq's Teachings on Stolen Souls
 57008 | Zot:1    | Entered Level 1 of the Realm of Zot
 57023 | Zot:1    | Noticed an orb of fire
 57032 | Zot:1    | Gained mutation: You occasionally shout uncontrollably at
                  | your foes. [an orb of fire]
 57273 | Depths:4 | g - +0 storm dragon scales {rare}
 57389 | Zot:1    | Reached skill level 17 in Transmutations
 57945 | Zot:1    | Reached XP level 26. HP: 314/314 MP: 34/40
 58416 | Zot:1    | magus.rc [v1.9.6]
 58591 | Zot:2    | n - quicksilver dragon scales {rare}
 58619 | Zot:2    | Noticed a Killer Klown
 58648 | Zot:2    | Reached skill level 18 in Transmutations
 58700 | Zot:2    | B - +0 storm dragon scales {rare}
 59662 | Zot:3    | Noticed a curse toe
 59666 | Zot:3    | Killed a curse toe
 59673 | Zot:3    | Noticed an electric golem
 59677 | Zot:3    | Noticed an electric golem
 59681 | Zot:3    | Killed an electric golem
 59692 | Zot:3    | Killed an electric golem
 59693 | Zot:3    | Reached skill level 19 in Transmutations
 59835 | Zot:3    | Acquired the ring of Cotterph {*Corrode Fly Str+7 Int+6
                  | SInv}
 60189 | Zot:3    | HP: 98/435 [red draconian/+0 hand axe (11)]
 60197 | Zot:3    | HP: 82/377 [yellow draconian/+0 war axe (7)]
 60200 | Zot:3    | HP: 39/377 [yellow draconian/+0 war axe (5)]
 60213 | Zot:3    | HP: 68/378 [acid[the player character] (11)]
 60464 | Zot:2    | magus.rc [v1.9.6]
 60554 | Zot:3    | +0 shadow dragon scales {rare}; a shadow dragon corpse
 60907 | Zot:5    | Entered Level 5 of the Realm of Zot
 61156 | Zot:5    | Gained mutation: Your magical capacity is very low. (-20%
                  | MP) [mutagenic glow]
 61170 | Zot:5    | Gained mutation: Your magical capacity is extremely low.
                  | (-30% MP) [mutagenic glow]
 61176 | Zot:5    | Lost mutation: You are agile. (Dex +4, Str/Int -1)
                  | [mutagenic glow]
 61326 | Zot:5    | Noticed an ancient lich
 61331 | Zot:5    | Killed an ancient lich
 61341 | Zot:5    | Reached skill level 20 in Transmutations
 61361 | Zot:5    | Noticed an electric golem
 61361 | Zot:5    | Noticed a Killer Klown
 61364 | Zot:5    | Noticed an orb of fire
 61371 | Zot:5    | Killed an electric golem
 61376 | Zot:5    | Killed a Killer Klown
 61392 | Zot:5    | Gained mutation: Your spells are a little easier to cast,
                  | but a little less powerful. [an orb of fire]
 61393 | Zot:5    | Killed an orb of fire
 61593 | Zot:5    | Lost mutation: Your spells are a little easier to cast, but
                  | a little less powerful. [potion of mutation]
 61593 | Zot:5    | Lost mutation: Your mind is acute. (Int +4, Str/Dex -1)
                  | [potion of mutation]
 61593 | Zot:5    | Lost mutation: You occasionally shout uncontrollably at
                  | your foes. [potion of mutation]
 61593 | Zot:5    | Gained mutation: You are frail. (-10% HP) [potion of
                  | mutation]
 61593 | Zot:5    | Gained mutation: You are agile. (Dex +4, Str/Int -1)
                  | [potion of mutation]
 61593 | Zot:5    | Gained mutation: Your spells are a little easier to cast,
                  | but a little less powerful. [potion of mutation]
 61593 | Zot:5    | Gained mutation: You have a pair of small antennae on your
                  | head. [potion of mutation]
 61594 | Zot:5    | Lost mutation: You are frail. (-10% HP) [potion of
                  | mutation]
 61594 | Zot:5    | Lost mutation: Your muscles are strong. (Str +4, Int/Dex
                  | -1) [potion of mutation]
 61594 | Zot:5    | Lost mutation: Your magical capacity is extremely low.
                  | (-30% MP) [potion of mutation]
 61594 | Zot:5    | Gained mutation: You have large cloven feet. [potion of
                  | mutation]
 61594 | Zot:5    | Gained mutation: Your flesh is heat resistant. (rF+)
                  | [potion of mutation]
 61668 | Zot:5    | Noticed a Killer Klown
 61687 | Zot:5    | Killed a Killer Klown
 61714 | Zot:5    | Noticed an orb of fire
 61721 | Zot:5    | Killed an orb of fire
 61736 | Zot:5    | Reached skill level 21 in Transmutations
 61736 | Zot:5    | Reached XP level 27. HP: 323/323 MP: 33/35
 61758 | Zot:5    | Noticed an orb of fire
 61763 | Zot:5    | Noticed an orb of fire
 61769 | Zot:5    | Killed an orb of fire
 61781 | Zot:5    | Noticed an electric golem
 61803 | Zot:5    | Noticed an ancient lich
 61814 | Zot:5    | Identified the cursed ring of Cremastomancy {Str+6, Self,
                  | Alch} (You found it on level 7 of the Dungeon)
 62143 | Zot:5    | Killed an orb of fire
 62177 | Zot:5    | Killed an ancient lich
 62178 | Zot:5    | Reached skill level 22 in Transmutations
 62200 | Zot:5    | Got the Orb of Zot
 62314 | Zot:4    | Noticed Nuunucli the pandemonium lord
 62843 | D:$      | Escaped with the Orb!

Vanquished Creatures
  A dread lich (Vaults:5)
  3 orbs of fire (Zot:5)
  2 ancient liches (Zot:5)
  6 Killer Klowns (Zot:5)
  Saint Roka (Vaults:4)
  A curse toe (Zot:3)
  2 golden dragons
  A bone dragon (Depths:4)
  3 electric golems
  16 tentacled monstrosities
  A walking crystal tome (Depths:2)
  2 Hell Sentinels
  Jorgrun (Swamp:1)
  19 Orb Guardians
  2 deep elf blademasters (Elf:3)
  3 titans (Vaults:5)
  3 liches
  6 quicksilver dragons
  A deep elf master archer (Elf:3)
  An Executioner (D:11)
  4 sphinxes
  6 death cobs
  Gastronok (D:11)
  8 shadow dragons
  5 tengu reavers
  14 storm dragons
  The ghost of Notanamesir the Warrior, a journeyman OgMo of Gozag (Orc:1)
  4 emperor scorpions
  5 fire giants
  4 draconian knights
  A fenstrider witch (Swamp:3)
  6 frost giants
  3 draconian scorchers
  5 ghost moths
  2 deep elf sorcerers
  14 vault wardens
  An imperial myrmidon (Desolation)
  4 deep elf elementalists (Elf:3)
  3 draconian stormcallers
  4 orc warlords
  A balrug (Depths:4)
  A reaper (Zot:3)
  Louise (Swamp:1)
  5 draconian shifters
  4 war gargoyles
  20 ironbound preservers
  17 stone giants
  7 draconian annihilators
  2 ghouls (Swamp:2)
  16 very ugly things
  15 ironbound thunderhulks
  8 eleionomae
  A vampire knight (Depths:1)
  4 deep elf demonologists
  A purple draconian (shapeshifter) (Vaults:1)
  12 green draconians
  6 halazid warlocks (Desolation)
  The ghost of Asut the Fighter, a journeyman GrFi of Okawaru (Depths:2)
  6 red draconians
  A minotaur (Gauntlet)
  8 yellow draconians
  8 black draconians
  6 deep elf annihilators
  6 purple draconians
  20 spark wasps
  11 white draconians
  17 dire elephants
  Azrael (D:13)
  14 ettins
  4 bunyips
  6 crystal guardians
  3 green deaths
  8 deep elf death magi
  3 fire dragons
  5 deep elf high priests
  4 great orbs of eyes
  21 vault guards
  11 ragged hierophants (Desolation)
  6 entropy weavers
  5 servants of whispers (Desolation)
  4 rakshasas
  8 yaktaur captains
  3 ice dragons
  Erolcha (D:12)
  A salamander tyrant (Depths:4)
  13 peacekeepers
  8 spriggan air magi
  22 hydras
  2 ghost crabs (Swamp:2)
  3 ogre magi
  2 jorogumos
  2 radroaches
  An anaconda (shapeshifter) (Vaults:5)
  10 centaur warriors
  19 two-headed ogres
  6 ironbound frosthearts
  2 hell beasts
  12 dancing weapons
  6 catoblepae
  6 boulder beetles
  10 deep troll earth magi
  10 deep troll shamans
  5 tengu warriors
  A hell hog (Depths:4)
  3 thrashing horrors (Swamp:4)
  6 alligators
  A vampire mage (Depths:2)
  11 spriggan berserkers
  An orc high priest (Orc:1)
  15 death yaks
  A shock serpent (shapeshifter) (Vaults:4)
  A sun demon (Depths:2)
  A soul eater (Depths:4)
  Urug (Lair:2)
  8 deep elf knights
  A fire crab (Lair:1)
  Amaemon (Lair:2)
  A fire crab (shapeshifter) (D:14)
  21 hell knights
  A sixfirhy (Depths:3)
  6 pharaoh ants
  A salamander mystic (Depths:4)
  Nergalle (Lair:2)
  2 spriggan riders (Depths:2)
  2 sun moths
  10 iron trolls
  70 deep trolls
  2 flayed ghosts (Depths:2)
  3 goliath frogs
  3 glowing orange brains
  12 bog bodies
  A golden dragon zombie (Depths:2)
  8 orb spiders
  9 swamp dragons
  31 ironbound convokers
  8 steelbarb worms
  A lindwurm (shapeshifter) (Vaults:4)
  4 spriggan druids
  4 harpies (Vaults:2)
  11 wizards
  7 necromancers
  7 deep elf archers
  24 deep elf zephyrmancers
  9 phantasmal warriors
  7 orc knights
  9 lindwurms
  23 deep elf pyromancers
  63 ugly things
  4 orc sorcerers
  15 wolf spiders
  13 cyclopes
  An elephant (shapeshifter) (Vaults:5)
  8 manticores
  4 will-o-the-wisps (Swamp:2)
  3 salamanders (Depths:4)
  29 moths of wrath
  A rust devil (Depths:3)
  12 vault sentinels
  A water nymph (shapeshifter) (Depths:4)
  2 black mambas
  8 guardian serpents (Desolation)
  2 stone giant skeletons (Vaults:1)
  A toenail golem (Zot:3)
  5 orange demons
  2 smoke demons
  5 gargoyles
  3 ice statues (IceCv)
  A rime drake (shapeshifter) (D:11)
  3 molten gargoyles
  15 cane toads
  8 torpor snails
  An unseen horror (shapeshifter) (Elf:1)
  An ice devil (Depths:3)
  2 kobold demonologists
  2 tengu conjurers
  An efreet (D:13)
  8 demonic crawlers
  2 unseen horrors (D:11)
  17 yaktaurs
  6 komodo dragons
  4 freezing wraiths
  An elf skeleton (Vaults:2)
  A red devil (Depths:3)
  A hellwing (Depths:2)
  A queen bee (D:12)
  7 trolls
  11 tyrant leeches
  3 polar bears
  3 meliai (D:12)
  A polar bear (shapeshifter) (D:13)
  A troll (shapeshifter) (Elf:2)
  A wolf spider simulacrum (Gauntlet)
  14 hornets
  31 slime creatures
  21 tarantellas
  64 saltlings (Desolation)
  12 blink frogs
  An elf zombie (Vaults:1)
  5 dream sheep
  3 air elementals
  A stone giant simulacrum (Depths:2)
  A culicivora (shapeshifter) (Depths:3)
  15 culicivoras
  12 spriggans
  3 wraiths
  A centaur simulacrum (Gauntlet)
  26 jumping spiders
  A dire elephant simulacrum (IceCv)
  7 wyverns
  A ynoxinul (Depths:2)
  4 shadows
  9 water elementals
  A vampire (D:11)
  61 yaks
  A fire elemental (D:13)
  2 fire bats (Volcano)
  3 basilisks
  2 neqoxecs
  A steam dragon (D:8)
  68 redbacks
  A death yak simulacrum (IceCv)
  5 wargs
  An acid dragon (D:9)
  3 chaos spawn (Gauntlet)
  18 vampire mosquitoes
  15 swamp worms
  2 ogre zombies
  3 hydra simulacra
  18 water moccasins
  7 hell hounds
  3 swamp drakes
  29 orc warriors
  A black bear (D:4)
  2 ice beasts
  5 wolves (Lair:1)
  11 centaurs
  A boggart (Vaults:1)
  13 ogres
  4 human zombies
  11 bullfrogs
  A gnoll sergeant (D:11)
  2 kobold brigands
  A human skeleton (Vaults:2)
  13 scorpions
  4 earth elementals
  3 necrophages
  2 two-headed ogre simulacra (D:13)
  A cane toad simulacrum (IceCv)
  14 wights
  A hornet simulacrum (Gauntlet)
  28 killer bees
  An elephant simulacrum (IceCv)
  4 electric eels
  5 howler monkeys
  5 lava snakes (Volcano)
  20 orc priests
  2 gnoll boudas
  4 hounds
  3 iguanas
  25 orc wizards
  2 wolf simulacra (IceCv)
  A lightning spire (Zot:3)
  4 spriggan simulacra (D:13)
  17 gnolls
  9 adders
  2 naga simulacra (D:13)
  2 white imps (Gauntlet)
  2 ufetubi (D:6)
  4 worms
  3 dart slugs
  78 orcs
  7 ball pythons
  8 endoplasms
  5 giant cockroaches
  5 goblins
  3 hobgoblins
  4 jackals
  5 quokkas
  5 bats
  4 frilled lizards
  5 kobolds
  4 rats
2098 creatures vanquished.

Vanquished Creatures (collateral kills)
  An orb of fire (Zot:5)
  Parghit (Depths:3)
  A Killer Klown (Zot:5)
  A lich (Depths:1)
  A deep elf master archer (Elf:3)
  8 Orb Guardians (Zot:5)
  2 titans
  A sphinx (Vaults:5)
  2 storm dragons (Zot:5)
  2 tengu reavers
  A shadow dragon (Vaults:5)
  A deep elf sorcerer (Elf:3)
  2 frost giants (Depths:2)
  A draconian scorcher (Zot:1)
  A draconian stormcaller (Zot:1)
  An ironbound preserver (Vaults:4)
  2 draconian shifters
  2 very ugly things
  An ironbound thunderhulk (Vaults:5)
  4 stone giants
  2 black draconians
  A deep elf demonologist (Vaults:5)
  2 deep elf annihilators (Elf:3)
  A purple draconian (Zot:5)
  A spark wasp (Depths:2)
  A yellow draconian (Zot:5)
  4 dire elephants (Vaults:4)
  A red draconian (Zot:5)
  3 yaktaur captains
  2 ettins
  2 fire dragons
  10 vault guards (Vaults:5)
  2 spriggan air magi (Depths:2)
  A rakshasa (Depths:2)
  A dancing weapon (Elf:2)
  2 deep troll earth magi
  A deep troll shaman (Depths:3)
  A tengu warrior (Depths:2)
  4 hell knights (Depths:3)
  3 iron trolls
  A phantasmal warrior (Vaults:5)
  10 deep trolls
  An ironbound convoker (Vaults:5)
  A deep elf archer (Elf:2)
  A deep elf pyromancer (Elf:3)
  A necromancer (Depths:3)
  5 ugly things
  A sphinx skeleton (Depths:2)
  A stone giant zombie (Depths:2)
  A moth of wrath (Zot:5)
  A vault sentinel (Vaults:3)
  A smoke demon (Depths:2)
  2 hornets
  A culicivora (Vaults:4)
  3 spriggans
  A glowing shapeshifter zombie (Depths:2)
  A warg (Vaults:4)
  A floating eye (Depths:2)
  An orc warrior (Vaults:4)
  2 ogres (Vaults:5)
  An orc (Vaults:4)
119 creatures vanquished.

Vanquished Creatures (others)
  2 Killer Klown zombies (Zot:5)
  2 very ugly thing zombies (Depths:2)
  11 Orb Guardian zombies (Zot:5)
  A spriggan (Swamp:1)
  3 storm dragon zombies
  A deep elf knight (Elf:1)
  A ghost moth zombie (Zot:5)
  An ogre zombie (Vaults:4)
  A tengu zombie (Depths:4)
  7 ugly thing zombies
  A sphinx zombie (Vaults:4)
  A stone giant zombie (Depths:3)
  A fire giant zombie (Depths:2)
  A draconian zombie (Zot:1)
  5 dire elephant zombies (Vaults:4)
  3 red draconian zombies
  2 black draconian zombies (Zot:5)
  10 human zombies
  A yaktaur zombie (Vaults:4)
  An iron troll zombie (Depths:2)
  3 saltlings (Desolation)
  A moth of wrath zombie (Zot:1)
  3 bloated husks
  A hornet (Swamp:1)
  A culicivora zombie (Vaults:4)
  A fire dragon zombie (Depths:1)
  A jumping spider (Spider:4)
  A culicivora (Spider:4)
  A fire elemental (Elf:1)
  A redback (Spider:4)
  6 spriggan zombies
  4 vampire mosquitoes
  20 deep troll zombies
  An entropy weaver zombie (Vaults:4)
  A hornet zombie (Depths:4)
  20 elf zombies
  A warg zombie (Vaults:4)
  A troll zombie (Elf:2)
  4 orc zombies (Vaults:4)
  An orc (D:9)
  A kobold (D:9)
  17 foxfires
  40 fungi
  63 plants
250 creatures vanquished.

Grand Total: 2467 creatures vanquished

Table legend:
 A = Non-vault XP
 B = Vault XP
 C = Vault XP percentage of total XP
 D = Non-vault monster count
 E = Vault monster count
 F = Vault count percentage of total count
                 A         B        C        D         E       F
            +---------+---------+-------+---------+---------+-------
      Total |  663421 |  636820 |  49.0 |    1326 |     880 |  39.9
            +---------+---------+-------+---------+---------+-------
        D:1 |      19 |       3 |  13.6 |      12 |       2 |  14.3
        D:2 |      46 |       0 |   0.0 |      18 |       0 |   0.0
        D:3 |      63 |       0 |   0.0 |      23 |       0 |   0.0
        D:4 |     462 |      96 |  17.2 |      19 |       5 |  20.8
        D:5 |    1012 |       0 |   0.0 |      23 |       0 |   0.0
        D:6 |     817 |       0 |   0.0 |      15 |       0 |   0.0
        D:7 |     649 |       0 |   0.0 |      16 |       0 |   0.0
        D:8 |    1199 |       0 |   0.0 |      19 |       0 |   0.0
        D:9 |    3039 |       0 |   0.0 |      37 |       0 |   0.0
       D:10 |    2849 |    1095 |  27.8 |      19 |       5 |  20.8
       D:11 |    4061 |   16005 |  79.8 |      17 |      54 |  76.1
       D:12 |    6824 |    2857 |  29.5 |      24 |      17 |  41.5
       D:13 |    8764 |    3560 |  28.9 |      24 |      15 |  38.5
       D:14 |   11144 |       0 |   0.0 |      21 |       0 |   0.0
       D:15 |   17937 |    5393 |  23.1 |      34 |      15 |  30.6
     Lair:1 |    1783 |    3246 |  64.5 |      10 |      10 |  50.0
     Lair:2 |    5431 |    3566 |  39.6 |      24 |      12 |  33.3
     Lair:3 |    5378 |    3009 |  35.9 |      21 |       7 |  25.0
     Lair:4 |    3374 |    5911 |  63.7 |      15 |      12 |  44.4
     Lair:5 |   11557 |   10754 |  48.2 |      24 |      24 |  50.0
    Swamp:1 |   14111 |    2901 |  17.1 |      23 |       2 |   8.0
    Swamp:2 |   17921 |       0 |   0.0 |      32 |       0 |   0.0
    Swamp:3 |   13453 |       0 |   0.0 |      23 |       0 |   0.0
    Swamp:4 |   17657 |   19955 |  53.1 |      36 |      28 |  43.8
   Spider:1 |   14103 |       0 |   0.0 |      42 |       0 |   0.0
   Spider:2 |   16288 |       0 |   0.0 |      49 |       0 |   0.0
   Spider:3 |   17433 |    2036 |  10.5 |      42 |       4 |   8.7
   Spider:4 |   13705 |   15208 |  52.6 |      31 |      37 |  54.4
      Orc:1 |    5390 |    1279 |  19.2 |      47 |       1 |   2.1
      Orc:2 |    3285 |    8158 |  71.3 |      39 |      12 |  23.5
      Elf:1 |   16730 |    7276 |  30.3 |      28 |      13 |  31.7
      Elf:2 |   13926 |     831 |   5.6 |      25 |       1 |   3.8
      Elf:3 |   12972 |   29315 |  69.3 |      24 |      27 |  52.9
   Vaults:1 |   17660 |   39925 |  69.3 |      28 |      55 |  66.3
   Vaults:2 |   13704 |   25692 |  65.2 |      27 |      38 |  58.5
   Vaults:3 |   18280 |   40492 |  68.9 |      24 |      50 |  67.6
   Vaults:4 |   38813 |   19969 |  34.0 |      48 |      30 |  38.5
   Vaults:5 |   41912 |   90035 |  68.2 |      48 |      84 |  63.6
   Depths:1 |   25454 |     760 |   2.9 |      34 |       1 |   2.9
   Depths:2 |   34328 |   75597 |  68.8 |      40 |      85 |  68.0
   Depths:3 |   28542 |   13128 |  31.5 |      36 |      14 |  28.0
   Depths:4 |   41626 |   21385 |  33.9 |      54 |      21 |  28.0
      Zot:1 |   38516 |       0 |   0.0 |      36 |       0 |   0.0
      Zot:2 |   29699 |       0 |   0.0 |      30 |       0 |   0.0
      Zot:3 |   37586 |    6938 |  15.6 |      34 |       5 |  12.8
      Zot:4 |    1516 |       0 |   0.0 |       2 |       0 |   0.0
      Zot:5 |   32403 |   93965 |  74.4 |      29 |      39 |  57.4
      IceCv |       0 |    3166 | 100.0 |       0 |      13 | 100.0
    Volcano |       0 |    2962 | 100.0 |       0 |      15 | 100.0
 Desolation |       0 |   57224 | 100.0 |       0 |     115 | 100.0
   Gauntlet |       0 |    3128 | 100.0 |       0 |      12 | 100.0
            +---------+---------+-------+---------+---------+-------

Illustrated notes

Table legend:
 A = Kills in this place as a percentage of kills in entire the game.
 B = Kills by you in this place as a percentage of kills by you in the entire game.
 C = Kills by friends in this place as a percentage of kills by friends in the entire game.
 D = Other kills in this place as a percentage of other kills in the entire game.
 E = Experience gained in this place as a percentage of experience gained in the entire game.
 F = Experience gained in this place divided by the number of levels of this place that you have seen.
                   A       B       C       D       E      F
               +-------+-------+-------+-------+-------+----------------------
         Total | 100.0 | 100.0 | 100.0 | 100.0 | 100.0 | 25302.0
       Dungeon |  19.8 |  21.0 |   0.0 |   0.0 |   7.2 | 6348.3
          Lair |   7.2 |   7.6 |   0.0 |   0.0 |   4.1 | 10801.8
         Swamp |   6.5 |   6.8 |   0.0 |  25.0 |   6.5 | 21499.5
   Spider Nest |   9.2 |   9.7 |   0.0 |  12.5 |   6.0 | 19693.2
  Orcish Mines |   4.5 |   4.7 |   0.0 |   0.0 |   1.4 | 9056.0
   Elven Halls |   5.3 |   5.1 |   5.9 |  50.0 |   6.2 | 27016.7
        Vaults |  19.5 |  18.9 |  30.3 |   0.0 |  26.3 | 69296.4
        Depths |  13.1 |  11.3 |  46.2 |   0.0 |  18.7 | 61459.8
           Zot |   8.0 |   7.5 |  17.6 |   0.0 |  18.5 | 48747.4
      Ice Cave |   0.6 |   0.6 |   0.0 |   0.0 |   0.2 | 3166.0
       Volcano |   0.7 |   0.7 |   0.0 |   0.0 |   0.2 | 2962.0
    Desolation |   5.2 |   5.4 |   0.0 |  12.5 |   4.3 | 57224.0
      Gauntlet |   0.5 |   0.6 |   0.0 |   0.0 |   0.2 | 3128.0
               +-------+-------+-------+-------+-------+----------------------

Table legend: (Time is in decaauts)
 A = Elapsed time spent in this place.
 B = Non-inter-level travel time spent in this place.
 C = Inter-level travel time spent in this place.
 D = Time resting spent in this place.
 E = Time spent auto-exploring this place.
 F = Levels seen in this place.
 G = Mean time per level.
                   A        B        C        D        E       F      G
               +--------+--------+--------+--------+--------+-----+--------+
         Total |  69788 |  64433 |   5355 |  13832 |  32741 |  52 | 1342.1 |
       Dungeon |  19706 |  17811 |   1895 |   4385 |   8901 |  15 | 1313.7 |
        Temple |     34 |     18 |     16 |      0 |      9 |   1 |   34.0 |
          Lair |   7163 |   6536 |    627 |   1505 |   3573 |   5 | 1432.6 |
         Swamp |   4485 |   4293 |    192 |    580 |   2599 |   4 | 1121.2 |
   Spider Nest |   5549 |   5260 |    289 |   1481 |   2512 |   4 | 1387.2 |
  Orcish Mines |   3371 |   3021 |    350 |   1205 |   1112 |   2 | 1685.5 |
   Elven Halls |   3602 |   3391 |    211 |    223 |   2140 |   3 | 1200.7 |
        Vaults |  10680 |   9992 |    688 |   1460 |   5741 |   5 | 2136.0 |
        Depths |   7196 |   6389 |    807 |    727 |   3790 |   4 | 1799.0 |
           Zot |   5260 |   4984 |    276 |   1318 |   2188 |   5 | 1052.0 |
      Ice Cave |    422 |    422 |      0 |    197 |      0 |   1 |  422.0 |
       Volcano |    505 |    505 |      0 |    106 |      0 |   1 |  505.0 |
    Desolation |   1085 |   1085 |      0 |    245 |    109 |   1 | 1085.0 |
      Gauntlet |    723 |    723 |      0 |    398 |     65 |   1 |  723.0 |
               +--------+--------+--------+--------+--------+-----+--------+

Top non-repeatable levels by time:
Vaults:1: 2634 daAuts
    D:11: 2608 daAuts
Vaults:4: 2437 daAuts
Depths:4: 2220 daAuts
     D:4: 2141 daAuts
Depths:2: 2047 daAuts
Vaults:3: 2001 daAuts
Vaults:5: 1897 daAuts
Depths:3: 1836 daAuts
     D:5: 1753 daAuts
  Lair:2: 1744 daAuts
  Lair:5: 1737 daAuts
   Orc:2: 1715 daAuts
Vaults:2: 1709 daAuts
     D:9: 1669 daAuts
